 Dungeon Crawl Stone Soup version 0.28.0 (webtiles) character file.

Game seed: 3444618420125896330

182774 Hasart the Carver (level 17, -3/143 HPs)
             Began as a Demigod Fighter on Feb 11, 2022.
             Killed from afar by a hellion (21 damage)
             ... with damnation
             ... summoned by a deep elf demonologist
             ... on level 3 of the Elven Halls.
             The game lasted 01:31:33 (34389 turns).

Hasart the Carver (Demigod Fighter)                Turns: 34389, Time: 01:31:34

Health: -3/143     AC: 20    Str: 25    XL:     17   Next: 14%
Magic:  0/31       EV: 15    Int: 14    God:
Gold:   2352       SH: 10    Dex: 21    Spells: 25/29 levels left

rFire   + . .      SeeInvis +   G - +9 scimitar (spect)
rCold   + + .      Faith    .   c - +2 buckler {rC+}
rNeg    . . .      Spirit   +   J - +0 chain mail of the Game Afoot {Regen+}
rPois   .          Reflect  .   B - +1 helmet
rElec   .          Harm     .   w - scarf {rC+ rF+}
rCorr   .          Rampage  .   b - +3 pair of gauntlets of War {Slay+5}
Will    ++...                   N - +0 pair of boots {Fly}
Stlth   ..........              q - amulet of guardian spirit
HPRegen 1.13/turn               p - ring of see invisible
MPRegen 0.22/turn               o - ring of willpower

@: swift, flying, very quick
A: high MP 1, forlorn, divine attributes
a: no special abilities


You were on level 3 of the Elven Halls.
You visited 4 branches of the dungeon, and saw 26 of its levels.
You also visited: Ossuary and Gauntlet.

You collected 3480 gold pieces.
You spent 1128 gold pieces at shops.

Inventory:

Hand Weapons
 G - a +9 spectral scimitar (weapon)
 O - a +4 scimitar of flaming
Missiles
 k - 4 javelins
 r - 21 boomerangs (quivered)
 x - 13 curare-tipped darts
 K - 2 silver boomerangs
 P - a throwing net
Armour
 b - the +3 pair of gauntlets of War (worn) {Slay+5}
   (You acquired it on level 9 of the Dungeon)

   Slay:      It affects your accuracy & damage with ranged weapons and melee
   (+5).
 c - a +2 buckler of cold resistance (worn)
 m - the +6 plate armour "Caannup" {Int+2}
   (You found it on level 3 of the Dungeon)

   Int:       It affects your intelligence (+2).
 w - a scarf of resistance (worn)
 B - a +1 helmet (worn)
 E - the +2 pair of gloves "Sophees" {rElec Will+}
   (You found it on level 7 of the Dungeon)

   rElec:     It insulates you from electricity.
   Will:      It increases your willpower.
 J - the +0 chain mail of the Game Afoot (worn) {Regen+}
   (You bought it in a shop on level 11 of the Dungeon)

   Regen:     It increases your rate of health regeneration.
 N - a +0 pair of boots of flying (worn)
 Q - the +1 helmet "Haecuj" {rElec Will- Int+3 Dex+7}
   (You bought it in a shop on level 2 of the Orcish Mines)

   Int:       It affects your intelligence (+3).
   Dex:       It affects your dexterity (+7).
   rElec:     It insulates you from electricity.
   Will:      It decreases your willpower.
 X - a +2 cloak of preservation
Jewellery
 o - a ring of willpower (right hand)
 p - a ring of see invisible (left hand)
 q - an amulet of guardian spirit (around neck)
 u - an amulet of magic regeneration
 z - a ring of poison resistance
 L - a ring of positive energy
 W - a ring of protection from cold
 Z - a ring of protection from fire
Wands
 a - a wand of mindburst (16)
 R - a wand of digging (1)
 S - a wand of acid (5)
Scrolls
 e - 11 scrolls of identify
 f - 6 scrolls of blinking
 g - 4 scrolls of enchant weapon
 h - 5 scrolls of fog
 j - 12 scrolls of teleportation
 s - a scroll of silence
 v - 5 scrolls of enchant armour
 I - a scroll of holy word
 T - 2 scrolls of fear
 U - a scroll of magic mapping
 Y - a scroll of summoning
Potions
 d - 6 potions of might
 i - 2 potions of cancellation
 l - 7 potions of curing
 n - 2 potions of ambrosia
 t - a potion of berserk rage {unknown}
 A - 7 potions of haste
 D - a potion of resistance
 F - 4 potions of lignification
 H - 2 potions of heal wounds
 M - a potion of invisibility
 V - 4 potions of mutation
Miscellaneous
 y - a condenser vane
 C - a tin of tremorstones (1/2)


   Skills:
 + Level 10.8 Fighting
 + Level 14.3 Long Blades
 - Level 10.0 Throwing
 + Level 10.8 Armour
 + Level 10.3 Dodging
 + Level 10.9 Shields
 + Level 6.6 Spellcasting
 + Level 5.6 Translocations
 + Level 7.2 Air Magic
 + Level 9.5 Evocations


You had 25 spell levels left.
You knew the following spells:

 Your Spells              Type           Power      Damage    Failure   Level
a - Swiftness             Air            24%        N/A       13%         3
b - Apportation           Tloc           40%        N/A       9%          1

Your spell library contained the following spells:

 Spells                   Type           Power      Damage    Failure   Level
 Gell's Gravitas          Tloc           20%        N/A       26%         3
 Lesser Beckoning         Tloc           20%        N/A       26%         3
 Teleport Other           Tloc           20%        N/A       26%         3
 Corpse Rot               Necr/Air       28%        N/A       28%         2
 Poisonous Vapours        Pois/Air       28%        N/A       28%         2
 Airstrike                Air            12%        N/A       38%         4
 Portal Projectile        Hex/Tloc       24%        N/A       63%         3
 Passage of Golubria      Tloc           20%        N/A       63%         4
 Freeze                   Ice            16%        1d4       65%         1
 Pain                     Necr           16%        1d4       65%         1
 Ensorcelled Hibernation  Hex/Ice        8%         N/A       78%         2
 Passwall                 Tmut/Erth      3%         N/A       78%         2
 Summon Lightning Spire   Summ/Air       14%        N/A       88%         4
 Call Canine Familiar     Summ           4%         N/A       95%         3
 Frozen Ramparts          Ice            8%         1d2       95%         3
 Ozocubu's Armour         Ice            4%         N/A       95%         3
 Stone Arrow              Conj/Erth      8%         3d7       95%         3
 Summon Guardian Golem    Hex/Summ       4%         N/A       95%         3
 Tukima's Dance           Hex            4%         N/A       95%         3
 Lightning Bolt           Conj/Air       7%         1d19      99%         5
 Animate Armour           Summ/Erth      8%         N/A       100%        4
 Hailstorm                Conj/Ice       4%         3d4       100%        4
 Leda's Liquefaction      Hex/Erth       2%         N/A       100%        4
 Petrify                  Tmut/Erth      4%         N/A       100%        4
 Agony                    Necr           4%         N/A       100%        5
 Alistair's Intoxication  Tmut/Pois      2%         N/A       100%        5
 Blade Hands              Tmut           2%         N/A       100%        5
 Excruciating Wounds      Necr           2%         N/A       100%        5
 Irradiate                Conj/Tmut      2%         3d14      100%        5
 Metabolic Englaciation   Hex/Ice        2%         N/A       100%        5
 Summon Forest            Summ/Tloc      6%         N/A       100%        5
 Summon Mana Viper        Hex/Summ       4%         N/A       100%        5
 Yara's Violent Unravell  Hex/Tmut       2%         3d3       100%        5
 Simulacrum               Ice/Necr       2%         N/A       100%        6
 Statue Form              Tmut/Erth      2%         N/A       100%        6
 Summon Cactus Giant      Summ           2%         N/A       100%        6
 Dragon Form              Tmut           2%         N/A       100%        7
 Orb of Destruction       Conj           2%         9d5       100%        7
 Spellforged Servitor     Conj/Summ      2%         N/A       100%        7


Dungeon Overview and Level Annotations

Branches:
Dungeon (15/15)            Temple (0/1) D:4            Lair (6/6) D:8
 Shoals (0/4) Lair:2       Spider (0/4) Lair:3        Slime (0/5) Lair:5
    Orc (2/2) D:9             Elf (3/3) Orc:2        Vaults (0/5) D:13
 Depths (0/4) D:15        Ossuary (visited)         Gauntlet (visited)

Shops:
D:5 (   D:11 [([=(   Orc:1 *   Orc:2 (**[

Portals:
Trove: D:13 (give 7 scrolls of fog)


Innate Abilities, Weirdness & Mutations

You have an increased reservoir of magic. (+10% MP)
You shall have no god before yourself.
Your divine heritage dramatically boosts your attributes as you level up.


Message History

The deep elf blademaster hits you with a +0 rapier of venom!
You are more poisoned.
The deep elf blademaster hits you with a +0 rapier of venom!
You are more poisoned.
Unknown command.
Unknown command.
You slash the deep elf blademaster!
You kill the deep elf blademaster!
You feel extremely sick.
Unknown command.
You feel extremely sick.
You feel extremely sick. The hellion gestures at you.
The sphere of damnation explodes!
The damnation engulfs you!!
You hear a shout! x3
Casting: Swiftness (mildly dangerous; 13% risk of failure)
Confirm with . or Enter, or press ? or * to list all spells.
You feel quick.
You feel extremely sick.
Unknown command.
You feel very sick.
You feel very sick. The hellion gestures at you.
The sphere of damnation explodes!
The damnation engulfs you!
* * * LOW HITPOINT WARNING * * *
You feel very sick. The hellion gestures at you.
The sphere of damnation explodes!
The damnation engulfs you!!
* * * LOW HITPOINT WARNING * * *
You hear a shout!
* * * LOW HITPOINT WARNING * * *
You feel very sick.
You feel better.
There is an open door, spattered with blood here.
Items here: ))))) [[ †††.
Things that are here:
a +0 plate armour; a +0 trident The hellion gestures at you.
The sphere of damnation explodes!
The damnation engulfs you!!
You die...

##.## #2e# ##.##
##.## ##.## #..#
##.## ##2##
##.#####..#
##[))...## ##..####
##.2######
#..#)..[@###
#.##.)))))<#
############.)[[[..#
.......)))[[...♣...#
#####)[#####......)#
## ##.# #.......#
.#####.# ###...###
#.#....# #####
###....#


You could see a hellion (summoned).

Vanquished Creatures
  Rupert (D:13)
  2 deep elf blademasters
  Frances (Elf:1)
  Roxanne (D:15)
  3 deep elf sorcerers (Elf:3)
  2 deep elf elementalists (Elf:3)
  An orc warlord (Elf:2)
  A stone giant (D:15)
  2 deep elf demonologists
  6 deep elf annihilators
  A minotaur (Gauntlet)
  9 deep elf death magi
  Josephine (D:13)
  An ettin (D:13)
  A fire dragon (D:14)
  6 deep elf high priests (Elf:3)
  5 boulder beetles
  Fannar (Lair:3)
  A rakshasa (D:12)
  16 hydras
  13 centaur warriors
  2 catoblepae
  Erica (Orc:1)
  A death knight (D:14)
  8 two-headed ogres
  3 tengu warriors
  30 dancing weapons
  A deep troll shaman (Lair:6)
  2 orc high priests
  The ghost of LohmatiyShmel the Martial Artist, a novice GnTm of Cheibriados (D:8)
  10 death yaks (Lair:6)
  Nergalle (Orc:1)
  20 deep elf knights
  Sonja (Lair:5)
  7 skeletal warriors
  An orange crystal statue (D:15)
  3 deep elf archers
  A phantasmal warrior (D:13)
  A lindwurm (Lair:6)
  23 deep elf pyromancers
  2 oklob plants (Lair:4)
  5 orc knights
  5 manticores
  7 ugly things
  26 deep elf zephyrmancers
  5 orc sorcerers
  4 cyclopes
  26 elephants
  A moth of wrath (shapeshifter) (D:13)
  Joseph (D:10)
  2 black mambas
  Maurice (D:9)
  14 cane toads
  3 gargoyles
  2 eyes of devastation (Gauntlet)
  A kobold demonologist (D:11)
  3 rime drakes
  11 komodo dragons
  An efreet (D:14)
  A tengu conjurer (D:14)
  A freezing wraith (D:14)
  A troll (D:12)
  6 meliai
  A wind drake (Lair:2)
  A meliai (shapeshifter) (Elf:1)
  3 polar bears
  A tarantella (shapeshifter) (D:15)
  A hornet (D:11)
  Prince Ribbit (D:6)
  21 blink frogs
  A meliai zombie (D:11)
  14 slime creatures
  2 raiju (Gauntlet)
  4 dream sheep (Lair:5)
  A culicivora (Lair:3)
  An air elemental (Elf:3)
  A shadow (D:11)
  9 wraiths
  25 yaks
  2 wyverns
  2 basilisks
  Sigmund (D:6)
  3 water elementals
  2 golden eyes (Gauntlet)
  4 fire elementals
  3 vampire mosquitoes (D:14)
  A redback (Lair:3)
  6 steam dragons
  A swamp worm (shapeshifter) (Elf:2)
  2 wargs
  A floating eye (Gauntlet)
  18 water moccasins
  A swamp drake (D:9)
  An ice beast (D:8)
  25 orc warriors
  3 sky beasts (D:10)
  A necrophage (D:4)
  A sky beast (shapeshifter) (D:13)
  6 black bears
  3 boggarts (D:15)
  5 wolves (Lair:6)
  4 ogres
  19 centaurs
  4 phantoms
  An elf zombie (Ossuary)
  20 kobold brigands
  A gnoll sergeant (D:11)
  9 bullfrogs
  An earth elemental (Elf:2)
  3 scorpions
  14 killer bees
  8 wights
  A howler monkey (D:6)
  6 centaur zombies
  4 hounds
  4 jellies
  31 orc priests
  37 orc wizards
  3 centaur skeletons
  2 mummies (Ossuary)
  2 howler monkey zombies
  7 gnolls
  2 adders
  4 shadow imps
  A white imp (D:7)
  An ufetubus (D:5)
  5 worms
  2 dart slugs
  67 orcs
  7 bats
  8 endoplasms
  2 giant cockroaches (D:1)
  2 gnoll zombies (Ossuary)
  5 goblins
  12 hobgoblins
  2 jackals (D:2)
  32 kobolds
  3 quokkas
  4 ball pythons
  A frilled lizard (D:1)
  4 goblin zombies (Ossuary)
  5 hobgoblin zombies (Ossuary)
  An orc zombie (Ossuary)
  A quokka skeleton (D:4)
  8 rats
  A spectral goblin (D:1)
  A bush (Lair:1)
862 creatures vanquished.

Vanquished Creatures (others)
  A human (D:3)
  An orc wizard (Orc:2)
  3 bushes
  16 fungi
  29 plants
50 creatures vanquished.

Grand Total: 912 creatures vanquished

Notes
Turn   | Place    | Note
-------+----------+-------------------------------------------
     0 | D:1      | Hasart the Demigod Fighter began the quest for the Orb.
     0 | D:1      | Reached XP level 1. HP: 18/18 MP: 3/3
   287 | D:1      | Reached skill level 2 in Long Blades
   475 | D:1      | Reached XP level 2. HP: 25/25 MP: 4/4
  1002 | D:2      | Reached XP level 3. HP: 30/30 MP: 5/5
  1183 | D:2      | Reached skill level 1 in Dodging
  2615 | D:3      | Identified the +6 plate armour "Caannup" {Int+2}
  2641 | D:3      | Noticed a human
  2644 | D:3      | Killed a human
  2875 | D:3      | Reached XP level 4. HP: 38/38 MP: 6/6
  2880 | D:3      | Reached skill level 3 in Long Blades
  3520 | D:4      | Noticed a necrophage
  3936 | D:4      | Found a staircase to the Ecumenical Temple.
  3977 | D:4      | Noticed a phantom
  3998 | D:4      | Killed a phantom
  3999 | D:4      | Reached XP level 5. HP: 38/45 MP: 7/7
  4112 | D:4      | Killed a necrophage
  4113 | D:4      | Reached skill level 1 in Throwing
  4319 | D:4      | Reached XP level 6. HP: 50/51 MP: 8/8
  4433 | D:5      | Entered Level 5 of the Dungeon
  4604 | D:5      | Found a sand-covered staircase.
  4618 | Ossuary  | Entered an ossuary
  4659 | Ossuary  | Reached skill level 4 in Long Blades
  5040 | D:5      | Reached XP level 7. HP: 58/58 MP: 9/9
  5554 | D:5      | Found Noeriem's Weapon Shop.
  5617 | D:5      | Noticed a moth of wrath
  6221 | D:5      | Reached skill level 5 in Long Blades
  6595 | D:6      | Noticed Sigmund
  6607 | D:6      | Killed Sigmund
  6608 | D:6      | Reached XP level 8. HP: 64/67 MP: 10/10
  7400 | D:6      | Noticed Prince Ribbit
  7419 | D:6      | Killed Prince Ribbit
  7602 | D:5      | Reached skill level 6 in Long Blades
  7742 | D:7      | Identified the +2 pair of gloves "Sophees" {rElec Will+}
  8083 | D:7      | Reached skill level 5 in Armour
  8083 | D:7      | Reached skill level 5 in Shields
  8510 | D:7      | Noticed a two-headed ogre
  8587 | D:7      | Killed a two-headed ogre
  8588 | D:7      | Reached skill level 5 in Fighting
  8588 | D:7      | Reached skill level 1 in Evocations
  8588 | D:7      | Reached XP level 9. HP: 65/74 MP: 11/11
  8700 | D:7      | You fall into a shaft and drop 2 floors!
  8701 | D:9      | Identified the +8 dagger "Xyvuom" {venom, +Blink rF+}
  9161 | D:8      | Reached skill level 7 in Long Blades
 10360 | D:9      | Noticed Maurice
 10413 | D:9      | Killed Maurice
 10414 | D:9      | Reached skill level 5 in Dodging
 10414 | D:9      | Reached XP level 10. HP: 78/83 MP: 13/13
 10829 | D:9      | Found a staircase to the Orcish Mines.
 11035 | D:9      | Identified a scroll of acquirement
 11035 | D:9      | Acquired the +3 pair of gauntlets of War {Slay+5}
 11035 | D:9      | Found the +3 pair of gauntlets of War {Slay+5}
 11096 | D:10     | Entered Level 10 of the Dungeon
 11459 | D:10     | Reached skill level 8 in Long Blades
 11566 | D:10     | Reached skill level 5 in Throwing
 11878 | D:10     | Noticed Joseph
 11890 | D:10     | Killed Joseph
 11930 | D:10     | Noticed a two-headed ogre
 11955 | D:10     | Killed a two-headed ogre
 12290 | D:10     | Reached XP level 11. HP: 90/91 MP: 14/14
 12710 | D:11     | Found Quimerch's Armour Shoppe.
 13109 | D:11     | Found Zefatoc's Antique Armour Emporium.
 13120 | D:11     | Bought an ancient chain mail for 237 gold pieces
 13120 | D:11     | Identified the +0 chain mail of the Game Afoot {Regen+}
                  | (You bought it in a shop on level 11 of the Dungeon)
 13120 | D:11     | Bought a pair of glowing boots for 187 gold pieces
 13264 | D:11     | Reached skill level 9 in Long Blades
 13283 | D:11     | Noticed a sun demon
 13421 | D:11     | Found Pihicun's Weapon Shoppe.
 13549 | D:11     | Found Reoth's Jewellery Emporium.
 13681 | D:11     | Found Xaryshrac's Antique Weapon Shoppe.
 13714 | D:11     | Noticed a two-headed ogre
 13732 | D:11     | Killed a two-headed ogre
 13761 | D:11     | Noticed a boulder beetle
 13774 | D:11     | Killed a boulder beetle
 13956 | Orc:1    | Entered Level 1 of the Orcish Mines
 13994 | Orc:1    | Learned a level 3 spell: Swiftness
 14013 | Orc:1    | You are sucked into a shaft and drop 1 floor!
 14013 | Orc:2    | Entered Level 2 of the Orcish Mines
 14104 | Orc:1    | Found Pek Tuoce's Overcharged Wands.
 14105 | Orc:1    | Noticed Erica
 14130 | Orc:1    | Killed Erica
 14273 | Orc:2    | Found a staircase to the Elven Halls.
 14613 | Orc:1    | Noticed Nergalle
 14638 | Orc:1    | Killed Nergalle
 15177 | Orc:2    | Reached skill level 5 in Evocations
 15293 | Orc:2    | Noticed an orc high priest
 15313 | Orc:2    | Killed an orc high priest
 15367 | Orc:1    | Noticed an orc knight
 15395 | Orc:2    | Killed an orc knight
 15442 | Orc:2    | Reached skill level 10 in Long Blades
 15442 | Orc:2    | Reached XP level 12. HP: 95/100 MP: 15/15
 15758 | Orc:2    | Found Facyc's Weapon Boutique.
 15758 | Orc:2    | Found Fobby's Assorted Antiques.
 15759 | Orc:2    | Found Dullev's Armour Shop.
 15763 | Orc:2    | Found Mamudgh's Assorted Antiques.
 15771 | Orc:2    | Bought the +1 helmet "Haecuj" {rElec Will- Int+3 Dex+7} for
                  | 564 gold pieces
 15774 | Orc:2    | Bought a jewelled lead wand for 140 gold pieces
 16066 | D:12     | Noticed a boulder beetle
 16134 | D:12     | Killed a boulder beetle
 16407 | D:12     | Noticed an eight-headed hydra
 16450 | D:12     | Killed a six-headed hydra
 16833 | D:13     | Noticed a centaur warrior
 16856 | D:13     | Killed a centaur warrior
 16969 | D:13     | Noticed Josephine
 16992 | D:13     | Killed Josephine
 17073 | D:13     | Noticed Rupert
 17075 | D:13     | Paralysed by Rupert for 4 turns
 17083 | D:13     | Killed Rupert
 17084 | D:13     | Reached skill level 1 in Spellcasting
 17084 | D:13     | Reached skill level 1 in Air Magic
 17123 | D:13     | Noticed an ettin
 17251 | D:13     | Killed an ettin
 17252 | D:13     | Reached skill level 11 in Long Blades
 17352 | D:13     | Found a portal to a secret trove of treasure.
 17386 | D:13     | Noticed a centaur warrior
 17395 | D:13     | Killed a centaur warrior
 17463 | D:13     | Reached XP level 13. HP: 102/107 MP: 18/18
 17691 | D:13     | Found a gate to the Vaults.
 18976 | D:8      | Found a runed translucent door.
 18976 | D:8      | Noticed LohmatiyShmel's ghost (novice GnTm)
 19080 | D:8      | Found a staircase to the Lair.
 19343 | D:8      | Killed LohmatiyShmel's ghost
 19401 | Lair:1   | Entered Level 1 of the Lair of Beasts
 19847 | Lair:1   | Identified the +10 short sword of Joyful Slaughter {freeze,
                  | rC+ Dex+2}
 20348 | Lair:2   | Found a staircase to the Shoals.
 20402 | Lair:2   | Found a gate leading to a gauntlet.
 20411 | Gauntlet | Entered a Gauntlet
 20411 | Gauntlet | Found a transporter.
 20411 | Gauntlet | Found a transporter.
 20411 | Gauntlet | Found a transporter.
 20415 | Gauntlet | Found a transporter.
 20429 | Gauntlet | Found a transporter.
 20430 | Gauntlet | Found the +0 pair of fencer's gloves {Riposte Dex+3}
 20497 | Gauntlet | Found a transporter.
 20518 | Gauntlet | Found a transporter.
 20541 | Gauntlet | Found a transporter.
 20546 | Gauntlet | Found a transporter.
 20556 | Gauntlet | Found a transporter.
 20601 | Gauntlet | Found a transporter.
 20624 | Gauntlet | Found a transporter.
 20917 | Gauntlet | Noticed a minotaur
 20926 | Gauntlet | Killed a minotaur
 22060 | Lair:3   | Noticed Fannar
 22247 | Lair:3   | Killed Fannar
 22855 | Lair:3   | Found a hole to the Spider Nest.
 22953 | Lair:4   | Reached XP level 14. HP: 103/116 MP: 22/22
 22961 | Lair:4   | Reached skill level 12 in Long Blades
 23966 | Lair:5   | Learned a level 1 spell: Apportation
 24508 | Lair:5   | Noticed Sonja
 24518 | Lair:5   | Killed Sonja
 24592 | Lair:5   | Found a staircase to the Slime Pits.
 24880 | Lair:6   | Entered Level 6 of the Lair of Beasts
 24902 | Lair:6   | Reached skill level 1 in Translocations
 26159 | Lair:6   | Reached XP level 15. HP: 97/125 MP: 21/25
 26965 | D:14     | Identified the +1 robe "Yfak" {rN+}
 26978 | D:14     | Reached skill level 5 in Air Magic
 27108 | D:14     | Reached skill level 13 in Long Blades
 28197 | D:15     | Entered Level 15 of the Dungeon
 28485 | D:15     | Reached skill level 5 in Spellcasting
 28663 | D:15     | Identified Roxanne's Handbook of Clay
 28663 | D:15     | Noticed Roxanne
 28915 | D:15     | Killed Roxanne
 29129 | D:15     | Found a staircase to the Depths.
 29673 | Elf:1    | Entered Level 1 of the Elven Halls
 29718 | Orc:2    | Reached skill level 10 in Shields
 29909 | Elf:1    | Reached skill level 10 in Armour
 30237 | Elf:1    | Reached skill level 10 in Fighting
 30369 | Elf:1    | Noticed Frances
 30377 | Elf:1    | Killed Frances
 30598 | Elf:2    | Noticed a Tzitzimitl
 30868 | Elf:2    | Reached XP level 16. HP: 132/134 MP: 26/28
 31129 | Elf:2    | Found a runed translucent gate.
 31129 | Elf:2    | Found a runed translucent gate.
 31130 | Elf:2    | Found a runed translucent gate.
 31820 | Elf:2    | Noticed a deep elf blademaster
 31828 | Elf:2    | Killed a deep elf blademaster
 32207 | Elf:2    | Reached skill level 14 in Long Blades
 32419 | Elf:3    | Entered Level 3 of the Elven Halls
 32734 | Elf:3    | Reached skill level 10 in Dodging
 32960 | Elf:3    | Reached skill level 5 in Translocations
 33286 | Elf:3    | Reached skill level 10 in Throwing
 34000 | Elf:3    | Reached XP level 17. HP: 107/131 MP: 23/31
 34016 | Elf:3    | Paralysed by an air elemental for 1 turns
 34364 | Elf:3    | Noticed a deep elf blademaster
 34374 | Elf:3    | Killed a deep elf blademaster
 34380 | Elf:3    | HP: 6/143 [hellion/damnation[a deep elf demonologist] (21)]
 34389 | Elf:3    | Killed from afar by a hellion

Illustrated notes

Levels and vault maps discovered:
D:1:      pf_arrival_petrified_forest, layout_basic,
          dreamdust_ecumenical_altar_drowned_temple, minmay_hexomino_u4
D:2:      layout_loops_cross
D:3:      layout_loops_corners, tgw_kikubaaqudgha, kennysheep_flooded_box
D:4:      layout_basic, cheibrodos_ashenzari_chains, temple_fountains
D:5:      layout_cave_pools, tgw_trog, lightli_ossuary_entry_decrepit_ruins,
          serial_shops, nicolae_take_the_stairs
D:6:      layout_loops_corners, kennysheep_little_box, uniq_prince_ribbit1,
          uniq_sigmund
D:7:      layout_loops_ring, mainiacjoe_overflow_brackets,
          mainiacjoe_overflow_cross_hatched
D:8:      layout_loops_ring, grunt_temple_overflow_open, lair_entry_dummy,
          hellmonk_ghost_happy_afterlife
D:9:      layout_rooms, bloody_makhleb, nicolae_qazlal_scattered_showers,
          erik_orc_1, feat_on_display, uniq_maurice
D:10:     layout_loops_ring, mainiacjoe_overflow_six_doors_small,
          lemuel_tele_altar, hangedman_misty_isle, uniq_joseph
D:11:     layout_loops_ring, special_room [special_room_kobold], serial_shops,
          nicolae_shop_bloodbath_and_beyond, nicolae_shop_overgrown_old_shop,
          nicolae_shop_behind_doors, shop, shop, kennysheep_cross_bottleneck,
          nicolae_uskayaw_murder_on_the_dancefloor
D:12:     layout_big_octagon
D:13:     layout_stronghold, david_vaults_4, enter_trove_6, solitary_fountain,
          minmay_ruined_shrine, uniq_josephine, uniq_rupert
D:14:     layout_layer_cave, minmay_between
D:15:     grunt_enter_depths_snipers, layout_rooms, nicolae_ru_awakened_eye,
          minmay_protected_statue, uniq_roxanne
Lair:1:   layout_gridlike, serial_forest, infiniplex_forest_clump_small,
          infiniplex_forest_clump_C, infiniplex_forest_lined_3,
          infiniplex_forest_diagonal, infiniplex_forest_straight_3,
          infiniplex_forest_lined_2, infiniplex_forest_lined_ring
Lair:2:   layout_small_grid, minmay_shoals_entry_beasts, gauntlet_entry_generic,
          chequers_serial_rivers_large_a, chequers_serial_rivers_small_b,
          grunt_megastairs_3
Lair:3:   layout_misc_corridors, spider_nest_entry_funnel_web, uniq_fannar
Lair:4:   layout_cave_shapes, hangedman_tree_tricks, grunt_megastairs_5
Lair:5:   layout_roguey, slime_altar_1, uniq_sonja
Lair:6:   grunt_lair_end_beastmaster, layout_small_grid, basic_altar
Orc:1:    layout_diamond_mine, nicolae_shop_overcharged_wands, uniq_nergalle,
          uniq_erica
Orc:2:    st_orc_mages, layout_caves
Elf:1:    minmay_elf_arrival_circle, layout_loops_ring,
          minmay_elf_crystal_heptagon, uniq_frances
Elf:2:    elven_hall_of_blades_hangedman_original
          [nicolae_blade_entry_crossed_weapons], layout_loops_cross,
          grunt_ministairs_15
Elf:3:    minmay_elf_hall_x, layout_geoelf_grid, special_room [special_room_orc]

Skill      XL: |  1  2  3  4  5  6  7  8  9 10 11 12 13 14 15 16 |
---------------+-------------------------------------------------+-----
Long Blades    | 2 3 4 5 6 7 8 10 11 12 13 14 | 14.3
Shields        | 3 4 5 6 7 8 9 10 | 10.9
Armour         | 3 4 5 6 7 8 9 10 | 10.8
Dodging        | 1 2 3 4 5 6 7 8 9 10 | 10.3
Fighting       | 3 4 5 6 7 8 9 10 | 10.8
Throwing       | 1 2 3 4 5 6 7 8 9 10 | 10.0
Evocations     | 1 2 3 5 6 7 8 9 |  9.5
Spellcasting   | 1 3 4 5 6 |  6.6
Air Magic      | 1 3 4 6 7 |  7.2
Translocations | 2 3 5 |  5.6

Action                   |  1- 3 |  4- 6 |  7- 9 | 10-12 | 13-15 | 16-18 || total
-------------------------+-------+-------+-------+-------+-------+-------++-------
Melee: Long sword        |   166 |   187 |   128 |       |       |       ||   481
       Dagger            |       |       |   468 |   743 |       |       ||  1211
       Scimitar          |       |       |       |   140 |  1192 |   347 ||  1679
Throw: Boomerang         |       |     5 |     6 |    44 |    50 |    29 ||   134
       Dart              |       |     4 |    21 |     3 |       |       ||    28
       Javelin           |       |       |       |       |     5 |     8 ||    13
 Cast: Swiftness         |       |       |       |       |       |     2 ||     2
Evoke: Wand              |       |       |       |     7 |     4 |     1 ||    12
       Tin of tremorston |       |       |       |       |       |     1 ||     1
  Use: Scroll            |       |       |       |    21 |     9 |       ||    30
       Potion            |       |       |       |     1 |     3 |     1 ||     5
 Stab: Petrified         |       |       |       |       |    10 |       ||    10
       Distracted        |       |       |       |       |     4 |     3 ||     7
Armor: Scale mail        |    74 |       |       |       |       |       ||    74
       Plate armour      |    11 |   193 |   363 |   177 |       |       ||   744
       Chain mail        |       |       |       |   273 |   474 |    67 ||   814
Dodge: Dodged            |    85 |    71 |   136 |   378 |   604 |    93 ||  1367
Block: Buckler           |    37 |    70 |   169 |   259 |   389 |    86 ||  1010
